 Dungeon Crawl Stone Soup version 0.30-a0-737-gf23d94013f (webtiles) character file.

Game seed: 14207739760457430767

877 IdlyInterested the Slasher (level 7, -2/55 HPs)
             Began as a Demonspawn Gladiator on Feb 2, 2023.
             Slain by a gnoll sergeant
             ... wielding a +0 trident of protection
              (12 damage)
             ... on level 5 of the Dungeon.
             The game lasted 00:12:37 (4587 turns).

IdlyInterested the Slasher (Demonspawn Gladiator)   Turns: 4587, Time: 00:12:37

Health: -2/55      AC: 12    Str: 14    XL:     7   Next: 75%
Magic:  7/7        EV:  7    Int:  9    God:
Gold:   205        SH:  0    Dex: 17    Spells: 6/6 levels left

rFire   . . .      SeeInvis .    n - +1 short sword (venom)
rCold   . . .      Faith    .    (no shield)
rNeg    . . .      Spirit   .    o - +3 chain mail
rPois   .          Reflect  .    (helmet restricted)
rElec   .          Harm     .    (no cloak)
rCorr   .          Rampage  .    (no gloves)
Will    .....                    (no boots) Stlth
                                 (no amulet)
HPRegen 1.29/turn                (no ring)
MPRegen 0.10/turn                (no ring)

@: mighty
A: hooves 2, horns 2, powered by death 1
a: no special abilities


You were on level 5 of the Dungeon.
You visited 1 branch of the dungeon, and saw 5 of its levels.

You collected 205 gold pieces.

Inventory:

Hand Weapons
 a - a +1 long sword
 n - a +1 short sword of venom (weapon)
Missiles
 c - 35 stones
 d - a throwing net
 e - a javelin
 g - 10 poisoned darts (quivered)
 v - 3 boomerangs of dispersal
 x - 3 boomerangs
Armour
 b - a +0 robe of willpower
 o - a +3 chain mail (worn)
Magical Staves
 r - a staff of fire
Scrolls
 i - 3 scrolls of fear
 p - 2 scrolls of silence
 q - 3 scrolls of blinking
 t - a scroll of identify
Potions
 f - 3 potions of flight
 h - 6 potions of curing
 j - 2 potions of invisibility
 k - a potion of attraction
 m - 3 potions of lignification
 w - a potion of haste


   Skills:
 + Level 4.7 Fighting
 * Level 6.3 Long Blades
 - Level 2.0 Throwing
 - Level 3.0 Armour
 + Level 2.7 Dodging
 - Level 2.0 Evocations


You had 6 spell levels left.
You didn't know any spells.
Your spell library contained the following spells:

 Spells                   Type           Power      Damage    Failure   Level
 Sandblast                Erth           0%         2d4       100%        1
 Shock                    Conj/Air       0%         1d3       100%        1
 Passwall                 Tmut/Erth      0%         N/A       100%        2
 Stone Arrow              Conj/Erth      0%         3d7       100%        3
 Swiftness                Air            0%         N/A       100%        3
 Airstrike                Air            0%         2d(0-16)  100%        4


Dungeon Overview and Level Annotations

Branches:
Dungeon (5/15)
 Temple: D:4-7

Altars:
Sif Muna
Uskayaw

Shops:
D:2 =


Innate Abilities, Weirdness & Mutations

You have hoof-like feet.
You have a pair of horns on your head.
You regenerate a little health from kills.


Message History

The centaur barely misses you.
The gnoll shouts!
You hit the centaur but do no damage.
The centaur looks as sick as possible!
You kick the centaur.
You kill the centaur!
The gnoll sergeant hits you from afar with a +0 trident of protection.
Training target 3.0 for Armour reached!
Your Armour skill increases to level 3!
You feel very mighty all of a sudden.
The gnoll drinks a potion.
The gnoll suddenly seems more resistant.
The gnoll hits you but does no damage.
A gnoll comes into view. It is wielding a +0 spear.
The gnoll sergeant hits you from afar with a +0 trident of protection.
You puncture the gnoll!
The gnoll is poisoned.
Your kick misses the gnoll.
The gnoll is almost dead.
You hit the gnoll.
You kill the gnoll!
The gnoll sergeant hits you from afar with a +0 trident of protection.
* * * LOW HITPOINT WARNING * * *
There is a stone staircase leading up here.
The gnoll hits you but does no damage.
The gnoll sergeant hits you from afar with a +0 trident of protection.
* * * LOW HITPOINT WARNING * * *
You puncture the gnoll!
The gnoll is heavily wounded.
The gnoll hits you but does no damage.
The gnoll sergeant hits you from afar with a +0 trident of protection.
* * * LOW HITPOINT WARNING * * *
You hit the gnoll. You kick the gnoll.
You kill the gnoll!
The gnoll barely misses you. The gnoll sergeant closely misses you.
There is a stone staircase leading up here.
The gnoll hits you but does no damage. x2
The gnoll sergeant hits you but does no damage.
You puncture the gnoll! Your kick misses the gnoll.
The gnoll is almost dead.
The gnoll hits you but does no damage. x2
The gnoll sergeant hits you from afar with a +0 trident of protection!
You die...

......#..#.#
##
#.........#.#
#
#....#......##
###.#
###.###...#...
##....#
#.##..# #
#..รท.## ...
#...##
#..###..###
#..gg@<...###
#..g#####...#
#.. ###)# ...
.(. .## ###(.
#...#.(# #...#
.# #...## #
#....


You could see a gnoll sergeant and 2 gnolls.

Vanquished Creatures
  Edmund (D:5)
  A black bear (D:4)
  A centaur (D:5)
  2 scorpions
  A howler monkey (D:5)
  A hound (D:5)
  A jelly (D:4)
  Jessica (D:3)
  2 orc wizards (D:3)
  An iguana (D:5)
  3 gnolls
  8 adders
  2 shadow imps
  3 worms
  2 dart slugs
  14 orcs
  6 endoplasms
  5 giant cockroaches
  9 goblins
  7 hobgoblins
  5 kobolds
  8 quokkas
  6 ball pythons
  7 bats
  3 frilled lizards
  4 rats
104 creatures vanquished.

Vanquished Creatures (others)
  2 orc wizards (D:3)
  2 plants (D:5)
4 creatures vanquished.

Grand Total: 108 creatures vanquished

Notes
Turn   | Place    | Note
-------+----------+-------------------------------------------
     0 | D:1      | IdlyInterested the Demonspawn Gladiator began the quest for
                  | the Orb.
     0 | D:1      | Reached XP level 1. HP: 16/16 MP: 1/1
    59 | D:1      | Discovered your monstrous ancestry.
    59 | D:1      | Gained mutation: You have a pair of small horns on your
                  | head. [demonic ancestry]
    59 | D:1      | Reached XP level 2. HP: 21/22 MP: 2/2
    83 | D:1      | Reached skill level 3 in Long Blades
    88 | D:1      | Reached skill level 1 in Armour
   359 | D:1      | Found a faded altar of an unknown god.
   478 | D:1      | Reached skill level 1 in Evocations
   478 | D:1      | Gained mutation: You have large cloven feet. [demonic
                  | ancestry]
   478 | D:1      | Reached XP level 3. HP: 12/28 MP: 3/3
   799 | D:2      | Found Wisoeheu's Jewellery Shoppe.
  1454 | D:2      | Gained mutation: You have hoof-like feet. [demonic
                  | ancestry]
  1454 | D:2      | Reached XP level 4. HP: 27/34 MP: 4/4
  2486 | D:3      | You fall into a shaft and drop 1 floor!
  2909 | D:3      | Reached skill level 4 in Long Blades
  2909 | D:3      | Gained mutation: You have a pair of horns on your head.
                  | [demonic ancestry]
  2909 | D:3      | Reached XP level 5. HP: 22/41 MP: 5/5
  3096 | D:3      | Gained mutation: You regenerate a little health from kills.
                  | [demonic ancestry]
  3096 | D:3      | Reached XP level 6. HP: 15/47 MP: 6/6
  3105 | D:3      | Noticed Jessica
  3110 | D:3      | Killed Jessica
  3422 | D:3      | Found a hide-covered altar of Uskayaw.
  3770 | D:4      | Reached skill level 5 in Long Blades
  4136 | D:4      | Found a shimmering blue altar of Sif Muna.
  4252 | D:5      | Entered Level 5 of the Dungeon
  4262 | D:5      | Reached XP level 7. HP: 45/54 MP: 7/7
  4459 | D:5      | Noticed Edmund
  4479 | D:5      | Killed Edmund
  4480 | D:5      | Reached skill level 6 in Long Blades
  4587 | D:5      | Slain by a gnoll sergeant

Illustrated notes

Levels and vault maps discovered:
D:1:      dpeg_arrival_tiny_a, layout_rooms, hellmonk_ecumenical_altar_zigzags,
          serial_rivers, chequers_serial_rivers_marsh,
          chequers_serial_rivers_micro_b, chequers_serial_rivers_micro_e,
          chequers_serial_rivers_small_a, nrook_mini_backslash
D:2:      layout_basic, serial_shops, nicolae_shop_behind_doors,
          small_statue_intersection
D:3:      layout_rooms, mainiacjoe_overflow_alcove_1, minmay_diced_spiral,
          uniq_jessica
D:4:      layout_basic, mainiacjoe_overflow_boulevard, lemuel_blue_sif_altar,
          st_stairs_5, kennysheep_small_circle
D:5:      kennysheep_kobold_camp, layout_rooms,
          grunt_temple_overflow_champion_of_chaos, uniq_edmund

Skill      XL: |  1  2  3  4  5  6  7 |
---------------+----------------------+-----
Long Blades    | 3 4 5 6 |  6.3
Armour         | 1 2 3 |  3.0
Evocations     | 1 2 |  2.0
Throwing       | 2 |  2.0
Fighting       | 3 4 |  4.7
Dodging        | |  2.7

Action                     |  1- 3 |  4- 6 |  7- 9 || total
---------------------------+-------+-------+-------++-------
  Melee: Long sword        |    89 |   132 |    30 ||   251
         Headbutt          |    10 |    23 |    10 ||    43
         Punch             |     1 |       |       ||     1
         Kick              |     5 |    28 |    20 ||    53
         Short sword       |       |       |    20 ||    20
  Throw: Stone             |       |     6 |       ||     6
         Dart              |       |     1 |     4 ||     5
         Throwing net      |       |       |     2 ||     2
    Use: Scroll            |     7 |     9 |     2 ||    18
         Potion            |       |     2 |     2 ||     4
   Stab: Sleeping          |     1 |       |       ||     1
         Held in net/web   |       |       |     2 ||     2
 Armour: Leather armour    |    38 |     8 |       ||    46
         Chain mail        |       |    32 |    31 ||    63
  Dodge: Dodged            |    68 |    58 |    17 ||   143

Table legend: (Time is in decaauts)
 A = Elapsed time spent in this place.
 B = Non-inter-level travel time spent in this place.
 C = Inter-level travel time spent in this place.
 D = Time resting spent in this place.
 E = Time spent auto-exploring this place.
 F = Levels seen in this place.
 G = Mean time per level.
                   A        B        C        D        E       F      G
               +--------+--------+--------+--------+--------+-----+--------+
         Total |   4639 |   3962 |    677 |    539 |   2356 |   5 |  927.8 |
       Dungeon |   4639 |   3962 |    677 |    539 |   2356 |   5 |  927.8 |
               +--------+--------+--------+--------+--------+-----+--------+

Top non-repeatable levels by time:
     D:2: 1771 daAuts
     D:3: 970 daAuts
     D:1: 906 daAuts
     D:4: 729 daAuts
     D:5: 261 daAuts
